 Dungeon Crawl Stone Soup version 0.30.1-9-gdf580d7c3d (webtiles) character file.

Game seed: 15431263042656685129

228 monsoonserge the Slasher (level 6, -1/53 HPs)
             Began as a Meteoran Monk on Oct 18, 2023.
             Slain by Duvessa
             ... wielding a +0 short sword
              (13 damage)
             ... on level 4 of the Dungeon.
             The game lasted 00:06:55 (1281 turns).

monsoonserge the Slasher (Meteoran Monk)            Turns: 1281, Time: 00:06:56

Health: -1/53      AC:  8    Str: 13    XL:     6   Next: 47%
Magic:  0/7        EV: 13    Int: 11    God:
Gold:   201        SH:  0    Dex: 19    Spells: 5/5 levels left

rFire   . . .        p - +5 dagger
rCold   . . .        d - orb {light}
rNeg    . . .        k - +0 ring mail
rPois   .            (no helmet)
rElec   .            (no cloak)
rCorr   .            j - +1 pair of gloves {infuse}
SInv    .            i - +0 pair of boots
Will    .....        (no amulet)
Stlth   +            (no ring)
HPRegen 0.28/turn    (no ring)
MPRegen 0.10/turn

%: no passive effects
@: glowing
A: sense surroundings 1, otherworldly, glowing, explore regen
a: no special abilities


You were on level 4 of the Dungeon.
You visited 1 branch of the dungeon, and saw 4 of its levels.

You collected 201 gold pieces.

Inventory:

Hand Weapons
 a - a +0 falchion
 h - a +0 dagger of holy wrath
 p - a +5 dagger (weapon)
Missiles
 u - a boomerang (quivered)
Armour
 b - a +0 robe
 d - an orb of light (worn)
 i - a +0 pair of boots (worn)
 j - a +1 pair of gloves of infusion (worn)
 k - a +0 ring mail (worn)
 w - a +0 pair of gloves
Magical Staves
 g - a staff of fire
Wands
 r - a wand of roots (4)
Scrolls
 f - 3 scrolls of amnesia {unknown}
 l - a scroll of torment {unknown}
 m - a scroll of vulnerability {unknown}
 n - a scroll of identify {unknown}
 o - a scroll of blinking {unknown}
 q - a scroll of fog {unknown}
 s - a scroll of teleportation {unknown}
 t - a scroll of acquirement {unknown}
 v - a scroll of immolation {unknown}
 x - 3 scrolls of fear {unknown}
 y - a scroll of brand weapon {unknown}
Potions
 c - a potion of ambrosia


   Skills:
 + Level 4.5 Fighting
 + Level 0.7(3.3) Short Blades
 + Level 5.7(5.8) Long Blades
 + Level 1.5 Armour
 + Level 4.8 Dodging


You had 5 spell levels left.
You didn't know any spells.
Your spell library contained the following spells:

 Spells                   Type           Power      Damage    Failure   Level
 Necrotise                Necr           0%         1d4       58%         1
 Shock                    Conj/Air       0%         1d3       58%         1
 Swiftness                Air            0%         N/A       92%         3
 Vampiric Draining        Necr           0%         2d6       92%         3
 Airstrike                Air            0%         2d(0-16)  100%        4
 Agony                    Necr           0%         N/A       100%        5


Dungeon Overview and Level Annotations

Branches:
Dungeon (4/15) Zot: 1114
 Temple: D:4-7

Altars:
Cheibriados
Qazlal

Annotations:
D:4 Duvessa


Innate Abilities, Weirdness & Mutations

You passively map a small area around you.
You are easily found by Zot.
You glow in the dark.
You regain HP and MP as you explore.


Message History

Duvessa is lightly wounded.
Duvessa hits you but does no damage.
You hit Duvessa.
Duvessa is moderately wounded.
Duvessa hits you with a +0 short sword.
Dowan mumbles some strange words.
Dowan blinks!
You hit Duvessa but do no damage.
Duvessa is moderately wounded.
Duvessa hits you but does no damage.
You hit Duvessa but do no damage.
Duvessa is moderately wounded.
You kill Dowan!
Duvessa weeps, and shakes her weapon.
Duvessa goes berserk!
Duvessa hits you with a +0 short sword!
Throw: dart (curare)
Press: ? - help, Q - select action, (/) - cycle Shift-Dir - straight line, f/p - Duvessa
Aim: Duvessa, wielding a +0 short sword and wearing a +1 chain mail of fire resistance (moderately wounded, berserk, haloed, 90% to hit)
You throw a curare-tipped dart. The curare-tipped dart hits Duvessa.
Duvessa is poisoned.
Duvessa convulses.
Duvessa seems to slow down.
Duvessa is moderately wounded.
Duvessa hits you with a +0 short sword!
You hit Duvessa but do no damage.
Duvessa is moderately wounded.
You hit Duvessa but do no damage.
Duvessa is moderately wounded.
Duvessa barely misses you.
You puncture Duvessa!
Duvessa is heavily wounded.
Duvessa hits you with a +0 short sword!
* * * LOW HITPOINT WARNING * * *
Okay, then.
You hit Duvessa but do no damage.
Duvessa is heavily wounded.
Duvessa closely misses you.
You completely miss Duvessa.
Duvessa is heavily wounded.
Duvessa hits you with a +0 short sword!
You die...

* , * * * * * * *
*#.* , , * . , *
.### * , , ,
*...#### # ##.## *
#.....##.
#)..!.####........
, #wKe@......# *
#..#####.....# #..
* #.....## #, *
##.....# , , * *
#.##..# *, * #.#
.# * #, #.# ,,# *
.##.#.#### #.#* ,
.......<.####.#*,,


You could see Duvessa (berserk, very poisoned, slow), a dart slug and a kobold.

Vanquished Creatures
  Dowan (D:4)
  Natasha (thrice) (D:2)
  3 adders
  5 dart slugs
  4 orcs (D:3)
  9 ball pythons
  4 bats
  3 endoplasms
  4 giant cockroaches
  10 goblins
  4 hobgoblins
  3 quokkas
  2 frilled lizards
  2 kobolds
  11 rats
68 creatures vanquished.

Notes
Turn   | Place    | Note
-------+----------+-------------------------------------------
     0 | D:1      | monsoonserge the Meteoran Monk began the quest for the Orb.
     0 | D:1      | Reached XP level 1. HP: 19/19 MP: 2/2
    99 | D:1      | Reached XP level 2. HP: 19/26 MP: 3/3
   128 | D:1      | Reached skill level 4 in Long Blades
   181 | D:1      | Reached XP level 3. HP: 31/31 MP: 4/4
   481 | D:1      | Found a faded altar of an unknown god.
   494 | D:1      | Glimpsed the power of Zot.
   558 | D:2      | Noticed Natasha
   565 | D:2      | Killed Natasha
   566 | D:2      | Reached XP level 4. HP: 30/40 MP: 0/5
   614 | D:2      | Reached skill level 5 in Long Blades
   628 | D:2      | Reached XP level 5. HP: 45/46 MP: 0/6
   668 | D:2      | Noticed Natasha
   677 | D:2      | Killed Natasha
   750 | D:2      | Noticed Natasha
   760 | D:2      | Killed Natasha
   761 | D:2      | Reached skill level 1 in Armour
   943 | D:3      | Reached XP level 6. HP: 42/53 MP: 0/7
  1036 | D:3      | Found a snail-covered altar of Cheibriados.
  1046 | D:3      | Found a stormy altar of Qazlal.
  1260 | D:4      | Noticed Dowan
  1261 | D:4      | Noticed Duvessa
  1275 | D:4      | Killed Dowan
  1281 | D:4      | Slain by Duvessa

Illustrated notes

Levels and vault maps discovered:
D:1:      psy_arrival_statuary, layout_basic,
          dilly_ecumenical_altar_fadedgnrine, minmay_pentomino_p4
D:2:      layout_rooms, uniq_natasha
D:3:      layout_loops_ring, mainiacjoe_overflow_catch_the_wave
D:4:      layout_loops_ring, gup_sewer_entry_spiral, serial_shops,
          nicolae_book_shop_shelving, uniq_edmund, uniq_duvessa

Skill      XL: |  1  2  3  4  5 |
---------------+----------------+-----
Long Blades    | 4 5 |  5.7
Dodging        | 4 |  4.8
Fighting       | 4 |  4.5
Armour         | 1 |  1.5
Short Blades   | |  0.7

Action                     |  1- 3 |  4- 6 || total
---------------------------+-------+-------++-------
  Melee: Falchion          |    64 |    21 ||    85
         Dagger            |       |    66 ||    66
  Throw: Dart              |       |     2 ||     2
 Armour: Robe              |    13 |       ||    13
         Ring mail         |     6 |    38 ||    44
  Dodge: Dodged            |    35 |    37 ||    72
